Unix NetHack Version 3.7.0-94 Work-in-progress - last build Dec 18 2023 00:11:04 (7e3deff068b9ef4f2ebb9a71ea0f5c4a3b578a14,branch:master). Game began 2023-12-24 23:31:38, ended 2023-12-25 11:40:23. Arasaka, chaotic male orcish Rogue -------------------------------- |..............................| |.-----|----------.{..-----|--.| |.-.%!|..|....|..|---.|(((|..|.| |.|.%%|.{|....|..|..-.|(((|((|.| |1|-------|---|11|. |.|...|((|.| |.|..(.|).....--|----.---|----.| |.|...)@(-|--.1................. |.|@_..|@|..--|-..{..--|-......| |.|.)*.|(|12|..|.....|..|......| #|.|-----.|%%|..|.....|. |......| #|.|.1.-..|------|-...|--|......| #|.|...|..-..|..1.|...|..|......| ##-.|...|..|..|....|...|..|......| ##|.-----..---------...-|--......| ------####|.......)......................| |.....####-------------------------------- |...<| ### ------ Arasaka the Rogue St:17 Dx:18 Co:16 In:8 Wi:10 Ch:8 Chaotic Dlvl:8 $:118 HP:0(51) Pw:27(27) AC:-1 Xp:8/1304 T:8660 Latest messages: You see here a whistle. The priest of Kos intones: "Pilgrim, you enter a sacred place!" You experience an unusual sense of peace. The watch captain swings his long sword. The watch captain hits! The watch captain swings his long sword. The watch captain just misses! What do you want to sacrifice? [d or ?*] Your sacrifice is consumed in a burst of flame! What do you want to use or apply? [bezRSVW or ?*] In what direction? Status of Arasaka (stridently chaotic): Level 8 HP 40(51) AC -1. The watch captain swings his long sword. The watch captain hits! The watch captain swings his long sword. The watch captain hits again! You hit the watch captain! The watch captain swings his long sword. The watch captain hits! The watch captain swings his long sword. The watch captain misses! You stop waiting. In what direction? The door resists! In what direction? The door closes. You hear bubbling water. You hear water falling on coins. You are in full health. The door opens. You hear a gurgling noise. You hit the watch captain! The watch captain swings his long sword. The watch captain hits! The watch captain swings his long sword. The watch captain hits again! You hit the watch captain! The watch captain swings his long sword. The watch captain hits! The watch captain swings his long sword. The watch captain hits again! You hit the watch captain! The watch captain swings his long sword. The watch captain hits! The watch captain swings his long sword. The watch captain hits again! The watch captain swings his long sword. The watch captain hits! You die... Inventory: Coins ('$') $ - 118 gold pieces Weapons (')') N - the uncursed rustproof +0 Grimtooth (weapon in right hand) a - 4 uncursed +0 orcish daggers Armor ('[') i - a cursed +0 dwarvish iron helm (being worn) P - an uncursed +0 pair of iron shoes (being worn) h - a cursed -1 dwarvish roundshield (being worn) c - a blessed +4 leather armor (being worn) Rings ('=') f - an uncursed ring of warning (on left hand) Tools ('(') z - an uncursed sack containing 12 items b - an uncursed bugle R - an uncursed magic harp (0:5) e - an uncursed lock pick W - an uncursed oil lamp S - an uncursed stethoscope Gems/Stones ('*') V - 2 uncursed touchstones Contents of the sack: 107 gold pieces an uncursed +0 dagger an uncursed +0 silver dagger a blessed scroll of blank paper 3 uncursed scrolls of blank paper an uncursed scroll of enchant weapon an uncursed scroll of identify a cursed scroll of identify an uncursed potion of levitation 2 uncursed potions of object detection an uncursed potion of see invisible a potion of unholy water Arasaka the Rogue's attributes: Background: You were a Rogue, level 8 male orc. You were chaotic, on a mission for Kos who was opposed by Issek (lawful) and Mog (neutral). You were right-handed. You were in the Gnomish Mines, on level 8. You entered the dungeon 8660 turns ago. You had 1304 experience points, 1256 more were needed to attain level 9. Basics: You had 0 out of 51 hit points. You had all 27 energy points (spell power). Your armor class was -1. Your wallet contained 118 zorkmids, and you had 107 more stashed away in your pack. Autopickup was on for '$"?' plus thrown, with exceptions. Final Characteristics: Your strength was 17 (limit:18/50). Your dexterity was 18 (limit:18). Your constitution was 16 (limit:18). Your intelligence was 8 (limit:16). Your wisdom was 10 (limit:16). Your charisma was 8 (limit:16). Final Status: You weren't hungry. You were unencumbered. You were wielding a dagger. You were skilled in dagger. Final Attributes: You were stridently aligned. You were poison resistant. You were telepathic. You were warned. You were aware of the presence of elves. You had infravision. You were stealthy. You were warded. You are dead. Miscellaneous: You disabled loading of bones levels. Total elapsed playing time was 42 minutes and 6 seconds. Major events: Turn 1: Arasaka the chaotic male orcish Rogue entered the dungeon 715: performed his first genocide (shocking spheres) 1076: entered the Gnomish Mines 1604: attained the rank of Cutpurse (level 3) 5109: attained the rank of Rogue (level 6) 5121: was bestowed with Grimtooth by Kos 5927: reached Mine Town 8660: killed by a watch captain Vanquished creatures: 4 small mimics 4 watchmen a wolf a winter wolf cub a leprechaun a black light a gnome ruler a gnome mummy a soldier ant 2 water nymphs 2 ponies a fog cloud 9 gnome leaders 2 gnomish wizards a paper golem a floating eye 8 dwarves a kobold shaman 5 rothes a rabid rat 2 giant bats 2 monkeys 2 orc zombies a werejackal 3 iguanas 2 coyotes a gas spore 2 hobbits 3 manes a large kobold 2 giant rats a brown mold 28 gnomes 7 geckos 23 jackals 2 foxes a goblin 4 grid bugs 2 bats 6 lichens a kobold zombie 5 newts 149 creatures vanquished. Genocided species: shocking spheres 1 species genocided. Voluntary challenges: You read items or engraved 15 times. You engraved Elbereth 6 times. You genocided 1 type of monster. You never polymorphed an object. You used no wishes. Achievements: You entered a shop. You entered the Gnomish Mines. You attained the rank of Cutpurse. You attained the rank of Rogue. You entered Minetown. You entered a temple. The Dungeons of Doom: levels 1 to 7 Level 1: An altar to Kos, a fountain. Level 2: "v" A potion shop, many fountains. Level 3: Some fountains. Level 4: Stairs down to The Gnomish Mines. Level 5: "v" Many fountains. Level 6: A fountain, a grave. Level 7: The Gnomish Mines: levels 5 to 8 Level 5: Level 6: Level 7: Level 8: <- You were here. Many shops, a temple and an altar to Kos, some fountains, a sink. Final resting place for you, killed by a watch captain. Game over: ---------- / \ / REST \ / IN \ / PEACE \ / \ | Arasaka | | 225 Au | | killed by a | | watch captain | | | | | | 2023 | *| * * * | * _________)/\\_//(\/(/\)/\//\/|_)_______ Goodbye Arasaka the Rogue... You died in The Gnomish Mines on dungeon level 8 with 5829 points, and 225 pieces of gold, after 8660 moves. You were level 8 with a maximum of 51 hit points when you died.